 Dungeon Crawl Stone Soup version 0.28-a0-850-g09de17f5b5 (webtiles) character file.

Game seed: 5758759714765744490

67 spiderkeys the Ducker (level 3, -2/22 HPs)
             Began as a Deep Elf Abyssal Knight on Nov 13, 2021.
             Was a Believer of Lugonu.
             Slain by an iguana (11 damage)
             ... on level 3 of the Dungeon.
             The game lasted 00:05:46 (2762 turns).

spiderkeys the Ducker (Deep Elf Abyssal Knight)     Turns: 2762, Time: 00:05:46

Health: -2/22      AC:  4    Str: 10    XL:     3   Next: 98%
Magic:  7/7        EV: 12    Int: 14    God:    Lugonu [**....]
Gold:   185        SH:  0    Dex: 16    Spells: 2/2 levels left

rFire   . . .      SeeInvis .   a - +1 short sword
rCold   . . .      Faith    .   (no shield)
rNeg    . . .      Spirit   .   b - +0 leather armour
rPois   .          Reflect  .   d - +0 helmet
rElec   .          Harm     .   (no cloak)
rCorr   .          Rampage  .   (no gloves)
Will    .....                   (no boots)
Stlth   +.........              (no amulet)
HPRegen 0.07/turn               (no ring)
MPRegen 0.10/turn               (no ring)

@: studying Throwing
A: no striking features
a: Renounce Religion, Depart the Abyss, Bend Space


You were on level 3 of the Dungeon.
You worshipped Lugonu.
Lugonu was pleased with you.
You visited 1 branch of the dungeon, and saw 3 of its levels.
You visited the Abyss 1 time.

You collected 185 gold pieces.


   Skills:
 - Level 2.8 Fighting
 - Level 2.5 Short Blades
 + Level 2.1 Throwing
 - Level 0.7 Armour
 + Level 3.1 Dodging
 + Level 0.3 Stealth
 + Level 2.7 Invocations


You had 2 spell levels left.
You didn't know any spells.
Your spell library contained the following spells:

 Spells                   Type           Power      Damage    Failure   Level
 Ensorcelled Hibernation  Hex/Ice        0%         N/A       52%         2
 Tukima's Dance           Hex            0%         N/A       75%         3

Inventory:

Hand Weapons
 a - a +1 short sword (weapon)
Missiles
 e - 23 arrows
 j - 55 stones (quivered)
 o - 17 sling bullets
Armour
 b - a +0 leather armour (worn)
 d - a +0 helmet (worn)
   (You found it on level 1 of the Dungeon)
Jewellery
 C - a ring of ice
   (You found it on level 1 of the Dungeon)
Scrolls
 f - a scroll of magic mapping {!r}
 k - a scroll of teleportation {@r4}
Potions
 c - a potion of lignification {unknown}
 g - a potion of cancellation
 h - a potion of attraction {unknown}
 i - a potion of mutation {unknown}
 m - a potion of ambrosia {unknown}
 n - a potion of magic {unknown}

Dungeon Overview and Level Annotations

Branches:
Dungeon (3/15)

Altars:

######.#.# #....#.#.#
#)##.#...#
#.##l#.#############
#..<...#..........<#
#..รท...#.###########
####.#.#.# #.#.#.###
#.((.@..# #.##l.#.#
####.##.# #....#
######


You could see an iguana.


Message History

You completely miss the jackal. The jackal misses you.
You hit the jackal.
You kill the jackal!
Lugonu accepts your kill.
You see here a jackal corpse.
You hit the iguana. The iguana bites you!
Ouch! That really hurt!
* * * LOW HITPOINT WARNING * * *
๐Ÿ˜จ HP[-13]
You take 13 damage, and now have 9/22 hp.
MASSIVE DAMAGE!! (PAUSE)
You see here a jackal corpse. ๐Ÿ˜จ HP[+1]
The iguana hisses menacingly. ๐Ÿ˜จ HP[+1] ๐Ÿ˜ฎ HP[+1] ๐Ÿ˜ฎ HP[+1]
There is a stone staircase leading up here.
Things that are here:
a +0 dagger; a kobold corpse
There is a stone staircase leading up here. ๐Ÿ˜ฎ HP[+1]
Things that are here:
a +0 dagger; a kobold corpse
There is a stone staircase leading up here.
Things that are here:
a +0 dagger; a kobold corpse
There is a stone staircase leading up here. ๐Ÿ˜ฎ HP[+1]
Things that are here:
a +0 dagger; a kobold corpse
There is a stone staircase leading up here.
Things that are here:
a +0 dagger; a kobold corpse ๐Ÿ˜ฎ HP[+1]
There is a stone staircase leading up here.
Things that are here:
a +0 dagger; a kobold corpse
There is a stone staircase leading up here.
Things that are here:
a +0 dagger; a kobold corpse ๐Ÿ˜• HP[+1]
There is a stone staircase leading up here.
Things that are here:
a +0 dagger; a kobold corpse
There is a stone staircase leading up here.
Things that are here:
a +0 dagger; a kobold corpse; ๐Ÿ˜• HP[+1]
The iguana hisses menacingly.
There is a stone staircase leading up here.
The iguana hisses menacingly.
Things that are here:
a +0 dagger; a kobold corpse
There is a stone staircase leading up here. ๐Ÿ˜• HP[+1]
Things that are here:
a +0 dagger; a kobold skeleton
There is a stone staircase leading up here.
The iguana closely misses you.
You climb upwards.
There is a stone staircase leading down here.
You start resting. ๐Ÿ˜Ž HP[+3]
Your hp is fully restored (22).
There is an escape hatch in the ceiling here.
There is a stone staircase leading up here.
There is a stone staircase leading down here.
You climb downwards.
There is a stone staircase leading up here.
An iguana is nearby!
Throw: 3 darts (atropa)
Press: ? - help, Shift-Dir - straight line, f - iguana
Aim: an iguana (wandering, hasn't noticed you, 65% to hit, chance to blind on hit: 83%)
You throw an atropa-tipped dart.
The atropa-tipped dart barely misses the iguana.
Throw: 2 darts (atropa)
Press: ? - help, Shift-Dir - straight line, f/p - iguana
Aim: an iguana (65% to hit, chance to blind on hit: 80%)
You throw an atropa-tipped dart. The atropa-tipped dart hits the iguana.
The iguana resists.
Throw: dart (atropa)
Press: ? - help, Shift-Dir - straight line, f/p - iguana
Aim: an iguana (65% to hit, chance to blind on hit: 83%)
You throw an atropa-tipped dart. The atropa-tipped dart hits the iguana.
The iguana appears confused.
The iguana seems less confused.
The iguana bites you. ๐Ÿ˜• HP[-3]
You take 3 damage, and now have 19/22 hp.
You hit the iguana but do no damage. The iguana closely misses you.
You hit the iguana but do no damage. The iguana closely misses you.
You catch the helpless iguana completely off-guard!
You hit the iguana.
The iguana is no longer blind.
The iguana bites you!
* * * LOW HITPOINT WARNING * * *
๐Ÿ˜จ HP[-10]
You take 10 damage, and now have 9/22 hp.
MASSIVE DAMAGE!! (PAUSE)
You hit the iguana but do no damage. The iguana misses you.
You hit the iguana but do no damage. The iguana bites you!
Ouch! That really hurt!
You die...

Skill      XL: |  1  2  3 |
---------------+----------+-----
Throwing       | 1 2 |  2.1
Dodging        | 3 |  3.1
Fighting       | |  2.8
Short Blades   | |  2.5
Armour         | |  0.7
Stealth        | |  0.3
Invocations    | |  2.7

Action                   || total
-------------------------++-------
Melee: Short sword       ||   157
Throw: Stone             ||    18
       Dart              ||     3
Invok: Depart the Abyss  ||     1
  Use: Scroll            ||     5
       Potion            ||     1
 Stab: Sleeping          ||     2
       Invisible         ||     1
Armor: Leather armour    ||    44
Dodge: Dodged            ||   103

Levels and vault maps discovered:
D:1:      dpeg_arrival_simpleton_b, layout_rooms,
          hellmonk_ecumenical_altar_run_dry
D:2:      layout_loops_cross, minmay_misc_feat_diagonals
D:3:      layout_basic, uniq_crazy_yiuf_cottage

Notes
Turn   | Place    | Note
-------+----------+-------------------------------------------
     0 | Abyss:1  | spiderkeys the Deep Elf Abyssal Knight began the quest for
                  | the Orb.
     0 | Abyss:1  | Reached XP level 1. HP: 13/13 MP: 4/4
     0 | Abyss:1  | magus.rc [v1.9.10]
    20 | Abyss:1  | You pick up a book of Maledictions and begin reading...
    20 | Abyss:1  | You add the spells Ensorcelled Hibernation and Tukima's
                  | Dance to your library.
    85 | Abyss:1  | Found a corrupted altar of Lugonu.
   124 | Abyss:2  | Found a corrupted altar of Lugonu.
   147 | Abyss:2  | Noticed a neqoxec
   192 | Abyss:2  | Noticed a small abomination
   196 | Abyss:2  | Noticed a ynoxinul
   197 | Abyss:2  | Identified a scroll of acquirement
   198 | Abyss:2  | Noticed a ynoxinul
   206 | D:1      | You pass through the gate.
   206 | D:1      | Escaped the Abyss
   207 | D:1      | Acquired a manual of Throwing
   324 | D:1      | HP: 3/13 [frozen (3)]
   326 | D:1      | Reached XP level 2. HP: 5/18 MP: 5/5
   339 | D:1      | HP: 3/18 [kobold (3)]
   341 | D:1      | HP: 1/18 [kobold (2)]
   344 | D:1      | Reached skill level 1 in Throwing
   557 | D:1      | Reached * piety under Lugonu
   845 | D:1      | HP: 4/18 [bat (1)]
   846 | D:1      | Reached XP level 3. HP: 5/22 MP: 6/6
  1165 | D:1      | Found a faded altar of an unknown god.
  1456 | D:2      | Reached skill level 3 in Dodging
  1773 | D:2      | Reached skill level 2 in Throwing
  2527 | D:3      | Reached ** piety under Lugonu
  2762 | D:3      | Slain by an iguana

Vanquished Creatures
  An adder (D:2)
  4 dart slugs
  4 ball pythons
  2 bats (D:1)
  5 endoplasms
  A giant cockroach (D:1)
  5 goblins
  7 hobgoblins
  2 jackals (D:3)
  6 kobolds
  A quokka (D:2)
  2 frilled lizards (D:1)
  4 rats
44 creatures vanquished.

Table legend:
 A = Non-vault XP
 B = Vault XP
 C = Vault XP percentage of total XP
 D = Non-vault monster count
 E = Vault monster count
 F = Vault count percentage of total count
                 A         B        C        D         E       F
            +---------+---------+-------+---------+---------+-------
      Total |      96 |       0 |   0.0 |      44 |       0 |   0.0
            +---------+---------+-------+---------+---------+-------
        D:1 |      47 |       0 |   0.0 |      25 |       0 |   0.0
        D:2 |      37 |       0 |   0.0 |      12 |       0 |   0.0
        D:3 |      12 |       0 |   0.0 |       7 |       0 |   0.0
            +---------+---------+-------+---------+---------+-------

Illustrated notes

Table legend:
 A = Kills in this place as a percentage of kills in entire the game.
 B = Kills by you in this place as a percentage of kills by you in the entire game.
 C = Kills by friends in this place as a percentage of kills by friends in the entire game.
 D = Other kills in this place as a percentage of other kills in the entire game.
 E = Experience gained in this place as a percentage of experience gained in the entire game.
 F = Experience gained in this place divided by the number of levels of this place that you have seen.
                   A       B       C       D       E      F
               +-------+-------+-------+-------+-------+----------------------
         Total | 100.0 | 100.0 |   N/A |   N/A | 100.0 |  19.2
       Dungeon | 100.0 | 100.0 |   N/A |   N/A | 100.0 |  32.0
               +-------+-------+-------+-------+-------+----------------------

Table legend: (Time is in decaauts)
 A = Elapsed time spent in this place.
 B = Non-inter-level travel time spent in this place.
 C = Inter-level travel time spent in this place.
 D = Time resting spent in this place.
 E = Time spent auto-exploring this place.
 F = Levels seen in this place.
 G = Mean time per level.
                   A        B        C        D        E       F      G
               +--------+--------+--------+--------+--------+-----+--------+
         Total |   2759 |   2692 |     67 |    127 |   1944 |   5 |  551.8 |
       Dungeon |   2554 |   2487 |     67 |    127 |   1839 |   3 |  851.3 |
         Abyss |    205 |    205 |      0 |      0 |    105 |   2 |  102.5 |
               +--------+--------+--------+--------+--------+-----+--------+

Top non-repeatable levels by time:
     D:1: 1161 daAuts
     D:2: 1102 daAuts
     D:3: 289 daAuts
 Abyss:1: 124 daAuts
 Abyss:2: 81 daAuts
